 Dungeon Crawl Stone Soup version 0.30-a0-760-g5a9884bb7c (webtiles) character file.

Game seed: 3884401011635415254

63 Dirtsage the Slasher (level 4, -10/33 HPs)
             Began as a Merfolk Gladiator on Feb 11, 2023.
             Killed by nerve-wracking pain
             ... invoked by an orc priest
              (13 damage)
             ... on level 3 of the Dungeon.
             The game lasted 00:04:06 (1374 turns).

Dirtsage the Slasher (Merfolk Gladiator)            Turns: 1374, Time: 00:04:07

Health: -10/33     AC:  4    Str: 14    XL:     4   Next: 10%
Magic:  4/4        EV: 13    Int:  7    God:
Gold:   215        SH:  0    Dex: 17    Spells: 3/3 levels left

rFire   . . .      SeeInvis .    a - +0 long sword
rCold   . . .      Faith    .    (no shield)
rNeg    . . .      Spirit   .    b - +0 leather armour
rPois   .          Reflect  .    c - +0 helmet
rElec   .          Harm     .    (no cloak)
rCorr   .          Rampage  .    (no gloves)
Will    .....                    (no boots)
Stlth   +                        (no amulet)
HPRegen 0.25/turn                (no ring)
MPRegen 0.09/turn                (no ring)

@: no status effects
A: (nimble swimmer 2), mertail
a: no special abilities


You were on level 3 of the Dungeon.
You visited 1 branch of the dungeon, and saw 3 of its levels.

You collected 215 gold pieces.

Inventory:

Hand Weapons
 a - a +0 long sword (weapon)
Missiles
 d - 3 throwing nets (quivered)
 e - 5 javelins
Armour
 b - a +0 leather armour (worn)
 c - a +0 helmet (worn)
Scrolls
 f - a scroll of amnesia {unknown}
 g - 4 scrolls of teleportation {unknown}
 k - a scroll of enchant armour {unknown}
 l - a scroll of identify {unknown}
 m - a scroll of brand weapon {unknown}
 n - a scroll of poison {unknown}
 o - a scroll of blinking {unknown}
 p - a scroll of summoning {unknown}
Potions
 h - a potion of mutation {unknown}
 i - 2 potions of curing {unknown}
 j - a potion of resistance {unknown}


   Skills:
 - Level 2.1 Fighting
 + Level 5.9 Long Blades
 - Level 2.0 Throwing
 - Level 4.0 Dodging


You had 3 spell levels left.
You didn't know any spells.
Your spell library contained the following spells:

 Spells                   Type           Power      Damage    Failure   Level
 Apportation              Tloc           0%         N/A       52%         1
 Necrotise                Necr           0%         1d4       52%         1
 Summon Small Mammal      Summ           0%         N/A       52%         1


Dungeon Overview and Level Annotations

Branches:
Dungeon (3/15)

Altars:


Innate Abilities, Weirdness & Mutations

((You are very nimble when in or above water. (Stealth+, EV+, Speed+++)))
Your lower body shifts to a powerful aquatic tail in water.


Message History

The orc priest miscasts a cantrip.
The dart slug launches a dart at you. The slug dart misses you.
An orc priest comes into view. It is wielding a +0 dagger.
The orc priest looks encouraged for a moment.
The orc priest calls down the wrath of Beogh upon you.
Pain shoots through your body!
You take 5 damage, and have 28/33 hp.
The orc priest mumbles some strange prayers to Beogh against you.
Beogh smites you!
You take 13 damage, and have 15/33 hp.
MASSIVE DAMAGE!!
You hit the orc priest but do no damage.
The orc priest hits you but does no damage.
The dart slug launches a dart at you. The slug dart hits you.
You take 2 damage, and have 13/33 hp.
You closely miss the orc priest.
The orc priest hits you but does no damage.
The orc priest looks braver for a moment.
You hit the orc priest but do no damage.
The orc priest begins to cast a cantrip, but forgets the words!
The orc priest completely misses you.
The orc priest looks braver for a moment.
The orc priest hits you with a +0 dagger.
You take 1 damage, and have 12/33 hp.
You closely miss the orc priest.
The orc priest invokes the aid of Beogh against you.
Beogh smites you!
* * * LOW HITPOINT WARNING * * *
You take 10 damage, and have 2/33 hp.
MASSIVE DAMAGE!!
You slash the orc priest!
The orc priest is heavily wounded.
The orc priest hits you but does no damage.
You hit the orc priest.
The orc priest is severely wounded.
The orc priest miscasts a cantrip.
You closely miss the orc priest.
The orc priest is severely wounded.
The orc priest invokes the aid of Beogh against you.
Pain shoots through your body!
You die...

!<............#
#......$....#####
....o.......'...#
#..........J###.#
.>.........)# #.##
.....##w....# #..#
....###.###.# ##.####
.w#...o.###.####....####
. #....wo@.............+
##.######.#######.####
.o. #.# #..)..# .. ..#
#.#.#.# #######.#...#
#######....###.#
#....##'#### ...
#........# #.#
#........# ...


You could see 2 orc priests and a dart slug.

Vanquished Creatures
  An adder (D:2)
  A dart slug (D:1)
  3 endoplasms
  5 giant cockroaches
  3 goblins (D:1)
  4 hobgoblins
  4 jackals (D:2)
  4 kobolds
  5 quokkas
  3 ball pythons
  6 bats
  2 frilled lizards
  4 rats
45 creatures vanquished.

Notes
Turn   | Place    | Note
-------+----------+-------------------------------------------
     0 | D:1      | Dirtsage the Merfolk Gladiator began the quest for the Orb.
     0 | D:1      | Reached XP level 1. HP: 16/16 MP: 1/1
    61 | D:1      | Reached skill level 4 in Long Blades
   110 | D:1      | Reached XP level 2. HP: 22/22 MP: 2/2
   191 | D:1      | You fall into a shaft and drop 1 floor!
   464 | D:1      | Reached XP level 3. HP: 27/27 MP: 3/3
   493 | D:1      | Reached skill level 5 in Long Blades
  1267 | D:2      | Reached XP level 4. HP: 33/33 MP: 4/4
  1374 | D:3      | Killed from afar by an orc priest

Illustrated notes

Levels and vault maps discovered:
D:1:      scummos_arrival_simple_crosswalls, layout_loops_ring, moated_statue,
          minmay_heptomino_o4
D:2:      layout_rooms, chequers_mini_garden
D:3:      layout_basic, ashenzari_conservatory_becter, portal_sewer_entry_e

Skill      XL: |  1  2  3 |
---------------+----------+-----
Long Blades    | 4 5 |  5.9
Fighting       | |  2.1
Throwing       | |  2.0
Dodging        | |  4.0

Action                     |  1- 3 |  4- 6 || total
---------------------------+-------+-------++-------
  Melee: Long sword        |   138 |    14 ||   152
   Stab: Sleeping          |     3 |       ||     3
 Armour: Leather armour    |    42 |     6 ||    48
  Dodge: Dodged            |    98 |     5 ||   103

Table legend: (Time is in decaauts)
 A = Elapsed time spent in this place.
 B = Non-inter-level travel time spent in this place.
 C = Inter-level travel time spent in this place.
 D = Time resting spent in this place.
 E = Time spent auto-exploring this place.
 F = Levels seen in this place.
 G = Mean time per level.
                   A        B        C        D        E       F      G
               +--------+--------+--------+--------+--------+-----+--------+
         Total |   1395 |   1370 |     25 |      0 |    986 |   3 |  465.0 |
       Dungeon |   1395 |   1370 |     25 |      0 |    986 |   3 |  465.0 |
               +--------+--------+--------+--------+--------+-----+--------+

Top non-repeatable levels by time:
     D:1: 819 daAuts
     D:2: 508 daAuts
     D:3: 68 daAuts
